Map: Eastwatch LE

Players

axu - Winner!

  • Race: Protoss Protoss
  • League: Platinum
  • Spawn Location: 1:00

Berstling

  • Race: Zerg Zerg
  • League: Platinum
  • Spawn Location: 7:00

VOD

Have the link to the VOD?

Description

Time

  • Played on: April 1, 2018, 11:24 a.m.
  • Length: 17:59
Show
View Real Time Build Order
Export as new Build Order

axu Protoss - Winner!

Build Orders: 1 Gate Expand 

Get SALT Encoding   

  12  0:00  Probe  
  13  0:14  Probe  
  13  0:21  Pylon  
  14  0:27  Probe  
  15  0:39  Probe  
  15  0:40  Gateway  
  16  0:50  Assimilator  
  16  0:51  Probe (Chrono Boost)  
  17  1:03  Probe (Chrono Boost)  
  19  1:12  Probe (Chrono Boost)  
  19  1:17  Probe  
  20  1:31  Nexus  
  20  1:36  Probe  
  20  1:39  Assimilator  
  21  1:48  Probe  
  22  2:02  Cybernetics Core  
  22  2:07  Probe (Chrono Boost)  
  23  2:21  Pylon  
  23  2:39  Adept, Probe  
  23  2:40  Warp Gate  
  23  2:42  Shield Battery  
  26  2:47  Pylon  
  26  2:48  Probe  
  27  2:51  Probe  
  28  3:01  Probe  
  28  3:03  Probe  
  30  3:08  Twilight Council  
  30  3:13  Probe  
  30  3:16  Probe  
  32  3:25  Probe  
  33  3:28  Probe  
  33  3:31  Adept  
  36  3:37  Probe  
  36  3:39  Gateway  
  36  3:40  Gateway, Probe  
  38  3:44  Gateway  
  38  3:45  Resonating Glaives (Chrono Boost)  
  38  3:47  Gateway  
  38  3:52  Probe x2  
  40  4:04  Probe x2  
  41  4:20  Robotics Facility  
  41  4:22  Assimilator  
  41  4:24  Assimilator, Probe x2  
  43  4:36  Probe x2  
  45  4:41  Pylon  
  45  4:44  Adept x2  
  45  4:45  Adept x2, Pylon  
  53  5:00  Stalker  
  53  5:03  Probe  
  53  5:04  Probe  
  53  5:05  Immortal (Chrono Boost)  
  61  5:15  Probe  
  61  5:16  Sentry x2, Probe  
  61  5:17  Sentry  
  69  5:28  Pylon  
  69  5:31  Pylon  
  69  5:44  Robotics Facility, Immortal (Chrono Boost)  
  69  5:46  Probe x2  
  69  5:49  Stalker x2  
  79  5:50  Stalker x2  
  79  5:53  Stalker  
  85  6:15  Pylon  
  85  6:17  Pylon  
  85  6:29  Immortal  
  86  6:39  Stalker x3  
  76  7:04  Stalker x2  
  76  7:05  Stalker x3  
  90  7:08  Immortal  
  90  7:22  Nexus  
  90  7:32  Assimilator  
  90  7:44  Probe x2  
  92  7:50  Pylon  
  92  7:53  Pylon  
  90  8:11  Sentry x4  
  90  8:17  Adept  
  92  8:26  Shield Battery x2  
  92  8:29  Shield Battery  
  92  8:38  Immortal x2  
  92  8:40  Pylon  
  100  8:43  Pylon  
  100  8:47  Pylon  
  100  8:51  Adept  
  100  8:52  Templar Archives  
  102  8:57  Probe x2  
  102  9:00  Assimilator  
  102  9:02  Assimilator  
  104  9:04  Adept x2  
  104  9:05  Adept x2  
  104  9:09  Probe x2  
  114  9:18  Probe  
  114  9:21  Probe x2  
  117  9:26  Observer  
  117  9:27  Observer  
  117  9:30  Probe  
  120  9:31  Gateway  
  120  9:33  Gateway  
  120  9:35  Gateway  
  120  9:37  Gateway  
  120  9:40  Psionic Storm, Gateway  
  120  9:52  Charge (Chrono Boost)  
  120  9:54  Forge x2  
  120  10:00  Probe x3  
  123  10:12  Probe x2  
  125  10:19  High Templar x2  
  129  10:34  Protoss Ground Armor Level 1 (Chrono Boost), Protoss Ground Weapons Level 1 (Chrono Boost)  
  129  10:47  Stalker x3  
  129  10:48  Stalker  
  137  11:05  Zealot x5  
  137  11:06  Zealot  
  149  11:11  Pylon  
  149  11:13  Pylon  
  149  11:17  Pylon  
  149  11:27  Pylon  
  149  11:29  Immortal, Probe x3  
  149  11:31  Immortal  
  160  11:41  Probe x2  
  106  12:19  High Templar x5  
  106  12:20  High Templar x4  
  114  12:27  Archon x3  
  114  12:34  Probe x2  
  114  12:36  Zealot  
  118  12:42  Probe  
  119  12:46  Probe x2  
  121  12:52  Zealot x3  
  121  12:53  Zealot x6  
  139  13:03  Protoss Ground Armor Level 2 (Chrono Boost), Protoss Ground Weapons Level 2 (Chrono Boost)  
  139  13:04  Immortal x2  
  147  13:13  Nexus  
  147  13:20  Pylon  
  147  13:23  Pylon  
  147  13:27  Pylon  
  147  13:36  Sentry x3  
  153  13:43  Zealot x3  
  153  13:44  Zealot x4, Observer x2  
  169  14:05  Immortal x2  
  177  14:15  Shield Battery  
  177  14:17  Shield Battery  
  177  14:19  Shield Battery  
  177  14:20  Assimilator, Shield Battery, Photon Cannon  
  177  14:22  Photon Cannon  
  177  14:24  Assimilator  
  177  14:27  Photon Cannon  
  177  14:32  Zealot x4  
  177  14:33  Zealot x3  
  177  14:34  Blink (Chrono Boost)  
  180  15:19  Immortal x2 (Chrono Boost)  
  164  15:28  Probe  
  164  15:29  Probe x3  
  164  15:33  High Templar x3  
  164  15:34  High Templar x2  
  164  15:35  High Templar x4  
  184  15:36  High Templar  
  184  15:38  Archon  
  184  15:39  Archon  
  184  15:40  Archon  
  184  15:41  Probe x4  
  192  15:51  Immortal x2  
  187  16:21  Pylon  
  187  16:23  Pylon  
  155  16:41  Zealot x2  
  155  16:42  Zealot x2  
  141  17:06  Observer x2  
  141  17:08  Zealot x6, Nexus  
  151  17:09  Zealot x4  
Show
View Real Time Build Order
Export as new Build Order

Berstling Zerg 

Build Orders: Hatch First, Roach Nydus 

Get SALT Encoding   

  12  0:01  Drone  
  13  0:12  Overlord  
  13  0:17  Drone  
  14  0:31  Drone  
  14  0:32  Drone  
  14  0:34  Drone  
  17  0:54  Hatchery  
  17  0:55  Drone  
  17  1:01  Drone  
  18  1:07  Drone  
  19  1:11  Extractor  
  18  1:21  Spawning Pool  
  18  1:22  Drone  
  18  1:34  Drone  
  19  1:40  Drone  
  20  1:52  Drone  
  21  2:04  Drone  
  21  2:07  Drone  
  23  2:10  Queen  
  23  2:11  Queen  
  23  2:13  Drone  
  28  2:27  Metabolic Boost  
  28  2:33  Overlord x2  
  28  2:41  Drone, Roach Warren, Extractor  
  28  2:43  Drone  
  28  2:53  Zergling x6  
  31  3:07  Drone x2  
  31  3:09  Drone  
  31  3:12  Lair  
  34  3:25  Roach x3  
  34  3:26  Roach  
  42  3:31  Roach  
  44  3:51  Overlord x3  
  44  4:08  Queen  
  46  4:12  Drone x4  
  46  4:14  Overlord  
  46  4:16  Roach x2  
  54  4:28  Roach x3  
  60  4:44  Roach x5  
  70  4:56  Nydus Network  
  69  5:03  Roach x2, Extractor  
  72  5:11  Overseer  
  72  5:20  Roach  
  72  5:21  Roach  
  76  5:40  Overlord x3  
  76  5:41  Overlord  
  76  5:46  Glial Reconstitution  
  76  6:02  Nydus Canal  
  78  6:04  Roach x4  
  78  6:05  Roach  
  78  6:07  Zergling x8  
  78  6:08  Zergling x2  
  91  6:29  Zergling x4  
  91  6:30  Zergling x8  
  82  6:46  Zergling x8  
  82  6:47  Zergling x8  
  71  7:07  Drone x2  
  73  7:20  Drone  
  73  7:21  Drone x2  
  76  7:23  Drone  
  76  7:28  Hatchery  
  76  7:56  Drone x5  
  81  8:01  Zergling x2  
  81  8:02  Zergling x8  
  80  8:17  Hydralisk Den  
  79  8:23  Evolution Chamber  
  78  8:28  Drone x3  
  81  8:39  Roach x4  
  81  8:40  Roach x2  
  93  8:58  Drone x2  
  93  8:59  Queen  
  93  9:00  Overlord x2  
  93  9:02  Hydralisk x6  
  101  9:08  Zerg Missile Weapons Level 1  
  109  9:11  Grooved Spines  
  109  9:16  Infestation Pit  
  108  9:17  Hydralisk x2  
  112  9:28  Drone  
  113  9:36  Extractor  
  112  9:39  Drone  
  112  9:41  Hydralisk x6  
  112  9:43  Hydralisk  
  127  10:06  Hatchery, Hydralisk  
  126  10:10  Overlord x2, Hive  
  126  10:11  Overlord  
  128  10:15  Drone  
  129  10:43  Hydralisk x3  
  129  10:44  Hydralisk x6  
  129  10:45  Hydralisk x2  
  151  10:51  Spore Crawler  
  150  10:58  Spore Crawler  
  150  10:59  Extractor  
  148  11:05  Overlord x4  
  148  11:06  Overlord  
  148  11:13  Muscular Augments  
  148  11:24  Ultralisk Cavern, Adrenal Glands  
  147  11:33  Hydralisk x2  
  151  11:41  Drone x3  
  122  12:09  Drone  
  122  12:10  Drone x4  
  122  12:14  Ultralisk  
  120  12:23  Queen  
  122  12:36  Drone x3, Queen  
  127  12:38  Ultralisk x2  
  139  12:48  Chitinous Plating  
  139  12:53  Zergling x8  
  139  12:54  Zergling x20  
  153  13:07  Drone  
  153  13:11  Ultralisk, Zergling x2  
  161  13:18  Extractor  
  160  13:22  Zerg Ground Armor Level 1  
  160  13:29  Ultralisk  
  166  13:43  Extractor  
  165  13:55  Drone x4  
  168  13:56  Drone x2  
  171  14:08  Ultralisk x2  
  183  14:17  Drone x6  
  189  14:32  Overlord x2  
  189  14:33  Overlord  
  189  14:45  Zergling x2  
  189  14:59  Zergling x4  
  188  15:01  Ultralisk x2  
  187  15:14  Ultralisk x4  
  193  15:39  Zergling x2  
  193  15:40  Zergling x12  
  199  15:45  Hatchery, Drone  
  194  16:04  Zergling x2  
  194  16:05  Zergling x8  
  193  16:31  Zergling x2  
  193  16:32  Zergling x32  
  145  16:45  Zergling x10  
  145  16:46  Zergling x4  
  71  17:04  Drone x3  
  71  17:05  Extractor  
  71  17:08  Drone x2  
  75  17:10  Queen  
  77  17:24  Evolution Chamber  
Tags
 
Add a new tag
Caveats
  • Supply blocks, unpowered buildings, or Contaminate may cause inaccurate times.
  • Supply counts are checked every 10 seconds.